 Dungeon Crawl Stone Soup version 0.30-a0-170-g85af917532 (console) character file.

Game seed: 15530747746511492907

1040 capslocke the Grave Robber (level 8, -6/54 HPs)
             Began as a Demonspawn Necromancer on Oct 1, 2022.
             Was an Initiate of Nemelex Xobeh.
             Killed from afar by a white imp (8 damage)
             ... with a puff of frost
             ... on level 6 of the Dungeon.
             The game lasted 00:26:33 (6381 turns).

capslocke the Grave Robber (Demonspawn Necromancer) Turns: 6381, Time: 00:26:33

Health: -6/54      AC:  8    Str: 10    XL:     8   Next: 4%
Magic:  16/16      EV: 27    Int: 17    God:    Nemelex Xobeh [......]
Gold:   290        SH:  0    Dex: 14    Spells: 12/18 levels left

rFire   + . .      SeeInvis .    f - staff of poison
rCold   . . .      Faith    .    (no shield)
rNeg    . . .      Spirit   .    v - +2 leather armour {rF+}
rPois   +          Reflect  .    (helmet restricted)
rElec   .          Harm     .    (no cloak)
rCorr   .          Rampage  .    n - +0 pair of gloves
Will    .....                    (no boots)
Stlth   ++........               D - amulet of the acrobat
HPRegen 0.18/turn                (no ring)
MPRegen 0.15/turn                (no ring)

@: about to teleport, acrobatic, hasted, very quick
A: antennae 1, slimy green scales 1
a: Renounce Religion, Draw Escape, Draw Destruction, Draw Summoning


You were on level 6 of the Dungeon.
You worshipped Nemelex Xobeh.
Nemelex Xobeh was noncommittal.
You visited 2 branches of the dungeon, and saw 7 of its levels.

You collected 348 gold pieces.
You spent 58 gold pieces at shops.

Inventory:

Hand Weapons
 e - a +2 dagger of draining
 B - a +3 mace of protection
Missiles
 q - 2 throwing nets
 y - 4 javelins
Armour
 a - a +0 robe
 m - a +0 helmet of intelligence
 n - a +0 pair of gloves (worn)
 v - a +2 leather armour of fire resistance (worn)
 A - a +2 robe of cold resistance
 C - a +2 robe of positive energy
Magical Staves
 f - a staff of poison (weapon)
 u - a staff of conjuration
Jewellery
 D - an amulet of the acrobat (around neck)
 E - a ring of ice
Wands
 j - a wand of digging (5)
Scrolls
 c - a scroll of amnesia {unknown}
 d - a scroll of vulnerability {unknown}
 h - 3 scrolls of teleportation
 l - 3 scrolls of enchant weapon {unknown}
 p - 2 scrolls of fear {unknown}
 w - 3 scrolls of fog {unknown}
 x - a scroll of silence {unknown}
 G - a scroll of immolation {unknown}
Potions
 b - 2 potions of magic
 g - a potion of degeneration
 i - a potion of lignification
 k - a potion of ambrosia
 o - a potion of haste
 r - a potion of resistance
 s - a potion of attraction
 t - a potion of might
 z - a potion of flight
 F - a potion of cancellation {unknown}


   Skills:
 + Level 1.2 Fighting
 - Level 0.7 Short Blades
 + Level 0.9 Staves
 + Level 1.1 Armour
 + Level 2.8 Dodging
 - Level 1.7 Stealth
 + Level 5.5 Spellcasting
 + Level 6.9 Necromancy
 * Level 2.4 Air Magic
 + Level 1.4 Poison Magic
 * Level 1.5 Evocations


You had 12 spell levels left.
You knew the following spells:

 Your Spells              Type           Power      Damage    Failure   Level
a - Necrotise             Necr           100%       1d9       1%          1
b - Vampiric Draining     Necr           28%        2d8       3%          3
c - Poisonous Vapours     Pois/Air       32%        N/A       13%         2

Your spell library contained the following spells:

 Spells                   Type           Power      Damage    Failure   Level
 Shock                    Conj/Air       32%        1d5       11%         1
 Animate Dead             Necr           28%        N/A       11%         4
 Sting                    Tmut/Pois      40%        1d5       14%         1
 Swiftness                Air            12%        N/A       21%         3
 Agony                    Necr           28%        N/A       30%         5
 Airstrike                Air            6%         2d(1-17)  56%         4
 Olgreb's Toxic Radiance  Pois           14%        N/A       71%         4


Dungeon Overview and Level Annotations

Branches:
Dungeon (6/15)             Temple (1/1) D:5

Altars:
Ashenzari
Cheibriados
Dithmenos
Fedhas
Gozag
Hepliaklqana
Makhleb
Nemelex Xobeh
Okawaru
Ru
Trog
Vehumet
Wu Jian
Yredelemnul

Shops:
D:2 *


Innate Abilities, Weirdness & Mutations

You have a pair of small antennae on your head.
You are partially covered in slimy green scales. (AC +2)


Message History

Okay, then.
You hit the white imp but do no damage.
The white imp is severely wounded.
The white imp closely misses you.
You hit the white imp.
The white imp is severely wounded.
The white imp gestures at you. The puff of frost hits you!
* * * LOW HITPOINT WARNING * * *
Casting: Poisonous Vapours (safe; 13% risk of failure)
Confirm with . or Enter, or press ? or * to list all spells.
Okay, then.
You closely miss the white imp.
The white imp is severely wounded.
The white imp barely misses you.
You hit the white imp but do no damage.
The white imp is severely wounded.
The white imp hits you but does no damage.
You feel yourself speed up.
The white imp hits you but does no damage.
You barely miss the white imp.
The white imp is severely wounded.
The white imp gestures at you. The puff of frost hits you!
* * * LOW HITPOINT WARNING * * *
Okay, then.
Okay, then.
Okay, then.
Okay, then.
Press: ? - help, v - describe, . - travel
Here: a white imp (severely wounded)
The floor.
Okay, then.
As you read the scroll labelled XEOQI JYHAUFY, it crumbles to dust.
You feel strangely unstable.
It was a scroll of teleportation.
The white imp closely misses you. The white imp gestures at you.
The puff of frost hits you!
You die...
Your body disappears without a glow.

## ##... # .. ....
.##### #. ...#.#
......# .. .#..#
#....# . .. ...#
#....# ...#. ..#
#....# ..#...#.#
#....####
.......@####.......#
.#######...#.....#.#
#...##....#<#
#5..##....####
#...##.......#
###...##....##.#
+.....'.>...# #
###...##.(..#
#...##....#


You could see a white imp.

Vanquished Creatures
  Sigmund (D:2)
  Blork the orc (D:5)
  A bullfrog (D:4)
  A scorpion (D:4)
  A howler monkey (D:6)
  2 hounds
  An orc priest (D:4)
  Terence (D:2)
  3 jellies
  An orc wizard (D:5)
  7 gnolls
  13 adders
  A worm (D:4)
  3 dart slugs
  10 orcs
  6 bats
  6 endoplasms
  4 giant cockroaches
  6 goblins
  10 hobgoblins
  3 jackals (D:1)
  4 quokkas
  7 ball pythons
  11 kobolds
  6 rats
110 creatures vanquished.

Vanquished Creatures (collateral kills)
  A black bear (D:5)
  An iguana (D:6)
  An orc (D:5)
  An endoplasm (D:1)
  A frilled lizard (D:1)
  A spectral orc (D:5)
6 creatures vanquished.

Vanquished Creatures (others)
  10 fungi (D:6)
10 creatures vanquished.

Grand Total: 126 creatures vanquished

Notes
Turn   | Place    | Note
-------+----------+-------------------------------------------
     0 | D:1      | capslocke the Demonspawn Necromancer began the quest for
                  | the Orb.
     0 | D:1      | Reached XP level 1. HP: 13/13 MP: 3/3
   198 | D:1      | Gained mutation: You are partially covered in slimy green
                  | scales. (AC +2) [demonic ancestry]
   198 | D:1      | Reached XP level 2. HP: 19/19 MP: 3/5
   267 | D:1      | Reached skill level 5 in Necromancy
   713 | D:1      | Found a faded altar of an unknown god.
   767 | D:1      | Reached XP level 3. HP: 23/24 MP: 6/6
   889 | D:2      | Found an iron altar of Okawaru.
  1153 | D:2      | You fall into a shaft and drop 1 floor!
  1326 | D:2      | Noticed Sigmund
  1345 | D:2      | Killed Sigmund
  1346 | D:2      | Reached XP level 4. HP: 3/31 MP: 1/9
  1346 | D:2      | Reached XP level 5. HP: 3/36 MP: 1/10
  1646 | D:2      | Reached skill level 6 in Necromancy
  1900 | D:2      | Noticed Terence
  1906 | D:2      | Learned a level 3 spell: Vampiric Draining
  1916 | D:2      | Killed Terence
  1981 | D:2      | Learned a level 2 spell: Poisonous Vapours
  2143 | D:2      | Found Didagu's General Store.
  2158 | D:2      | Bought a +0 pair of gloves for 58 gold pieces
  2380 | D:2      | Gained mutation: You have a pair of small antennae on your
                  | head. [demonic ancestry]
  2380 | D:2      | Reached XP level 6. HP: 42/42 MP: 9/12
  4484 | D:4      | Reached skill level 1 in Air Magic
  4638 | D:4      | Reached XP level 7. HP: 47/47 MP: 12/14
  4937 | D:5      | Entered Level 5 of the Dungeon
  5010 | D:5      | Reached skill level 1 in Fighting
  5025 | D:5      | Reached skill level 5 in Spellcasting
  5297 | D:5      | Noticed Blork the orc
  5314 | D:5      | Killed Blork the orc
  5315 | D:5      | Reached skill level 1 in Armour
  5445 | D:5      | Reached skill level 1 in Poison Magic
  5474 | D:5      | Found a staircase to the Ecumenical Temple.
  5492 | Temple   | Entered the Ecumenical Temple
  5673 | Temple   | Became a worshipper of Nemelex Xobeh the Trickster
  6199 | D:5      | Found a hazy altar of Hepliaklqana.
  6202 | D:5      | Reached skill level 1 in Evocations
  6329 | D:6      | Reached XP level 8. HP: 54/54 MP: 9/16
  6377 | D:6      | HP: 1/54 [white imp/puff of frost (8)]
  6381 | D:6      | Killed from afar by a white imp

Illustrated notes

Levels and vault maps discovered:
D:1:      amcnicky_arrival_abandoned_market, layout_rooms,
          hellmonk_ecumenical_altar_inner_sanctum, st_stairs_7
D:2:      minmay_chambers_of_twos, layout_basic, basic_altar, serial_shops,
          nicolae_diamond_shop, uniq_terence, uniq_sigmund
D:3:      layout_basic
D:4:      layout_basic, minmay_between
D:5:      layout_gridville, nicolae_hepliaklqana_monster_ancestors,
          minmay_temple_entry_mist, st_stairs_4, minmay_quadrilaterals,
          uniq_blork_the_orc
D:6:      layout_basic, serial_aquarium, aquarium_bridge_long_separate
          [aquarium_subvault_bridge, aquarium_subvault_bridge,
          aquarium_subvault_window, aquarium_subvault_balcony,
          aquarium_subvault_window, aquarium_subvault_bridge],
          aquarium_bridge_square [aquarium_subvault_bridge,
          aquarium_subvault_bridge, aquarium_subvault_wall,
          aquarium_subvault_window], aquarium_window_1, aquarium_window_1,
          aquarium_window_fake, aquarium_window_2, aquarium_view_2e,
          serial_shops, nicolae_shop_advertising_works
          [nicolae_subvault_shop_adworks]
Temple:   regret_index_temple_sphere_string

Skill      XL: |  1  2  3  4  5  6  7 |
---------------+----------------------+-----
Necromancy     | 5 6 |  6.9
Dodging        | 2 |  2.8
Spellcasting   | 3 4 5 |  5.5
Air Magic      | 1 2 |  2.4
Fighting       | 1 |  1.2
Armour         | 1 |  1.1
Poison Magic   | 1 |  1.4
Evocations     | 1 |  1.5
Short Blades   | |  0.7
Staves         | |  0.9
Stealth        | |  1.7

Action                   |  1- 3 |  4- 6 |  7- 9 || total
-------------------------+-------+-------+-------++-------
Melee: Unarmed           |     7 |       |       ||     7
       Dagger            |    17 |    11 |       ||    28
       Staff             |       |   106 |   103 ||   209
       Punch             |       |       |     3 ||     3
 Cast: Necrotise         |    50 |    70 |    48 ||   168
       Poisonous Vapours |       |    25 |    26 ||    51
  Use: Potion            |     3 |       |     1 ||     4
       Scroll            |     1 |     3 |     6 ||    10
 Stab: Distracted        |       |     1 |     1 ||     2
       Sleeping          |       |     1 |       ||     1
Armor: Robe              |     5 |    33 |       ||    38
       Leather armour    |       |    16 |    77 ||    93
Dodge: Dodged            |    24 |   106 |   111 ||   241

Table legend: (Time is in decaauts)
 A = Elapsed time spent in this place.
 B = Non-inter-level travel time spent in this place.
 C = Inter-level travel time spent in this place.
 D = Time resting spent in this place.
 E = Time spent auto-exploring this place.
 F = Levels seen in this place.
 G = Mean time per level.
                   A        B        C        D        E       F      G
               +--------+--------+--------+--------+--------+-----+--------+
         Total |   6417 |   6139 |    278 |   1339 |   3769 |   7 |  916.7 |
       Dungeon |   6207 |   5991 |    216 |   1339 |   3639 |   6 | 1034.5 |
        Temple |    209 |    147 |     62 |      0 |    130 |   1 |  209.0 |
               +--------+--------+--------+--------+--------+-----+--------+

Top non-repeatable levels by time:
     D:2: 1804 daAuts
     D:4: 1276 daAuts
     D:3: 1155 daAuts
     D:5: 1042 daAuts
     D:1: 850 daAuts
  Temple: 209 daAuts
     D:6: 78 daAuts
